 Dungeon Crawl Stone Soup version 0.27-a0-1083-gcf8293e1eb (webtiles) character file.

Game seed: 2992939630646067739

1409 Bapho the Blocker (level 8, -5/61 (63) HPs)
             Began as a Grey Draconian Fighter on Apr 26, 2021.
             Slain by a gnoll sergeant
             ... wielding a +0 trident
              (6 damage)
             ... on level 6 of the Dungeon.
             The game lasted 00:09:31 (7797 turns).

Bapho the Blocker (Grey Draconian Fighter)          Turns: 7797, Time: 00:09:31

HP:   -5/61 (63)    AC: 12    Str: 20    XL:     8   Next: 42%
MP:   8/8           EV: 11    Int: 10    God:
Gold: 209           SH: 11    Dex: 10    Spells: 7/7 levels left

rFire    . . .     SeeInvis .   a - +0 long sword
rCold    . . .     Faith    .   f - +0 kite shield
rNeg     . . .     Spirit   .   (armour unavailable)
rPois    .         Reflect  .   (helmet restricted)
rElec    .         Harm     .   n - +0 cloak
rCorr    .         Rampage  .   (no gloves)
Will     .....                  (no boots)
Stlth    +.........             (no amulet)
HPRegen  0.20/turn              (no ring)
MPRegen  0.11/turn              (no ring)

@: lightly drained
A: AC +11, unfitting armour, unbreathing 2, cold-blooded
a: no special abilities


You were on level 6 of the Dungeon.
You visited 1 branch of the dungeon, and saw 6 of its levels.

You collected 224 gold pieces.
You spent 15 gold pieces at shops.

Inventory:

Hand Weapons
 a - a +0 long sword (weapon)
 b - a +0 hunting sling
Missiles
 e - 182 stones (quivered)
Armour
 f - a +0 kite shield (worn)
 n - a +0 cloak (worn)
Jewellery
 o - an amulet of magic regeneration
Wands
 k - a wand of polymorph (11)
 m - a wand of iceblast (8)
Scrolls
 i - 2 scrolls of noise {unknown}
 p - a scroll of immolation {unknown}
 q - a scroll of magic mapping {unknown}
 r - a scroll of enchant weapon {unknown}
 s - a scroll of amnesia
 t - 2 scrolls of teleportation {unknown}
 u - a scroll of enchant armour {unknown}
 w - a scroll of identify
Potions
 c - a potion of might
 d - a potion of cancellation
 g - a potion of haste
 h - 3 potions of curing
 j - a potion of heal wounds
 l - a potion of berserk rage
 v - 2 potions of lignification {unknown}


   Skills:
 - Level 3.2 Fighting
 + Level 7.6 Long Blades
 - Level 2.6 Dodging
 + Level 8.0 Shields


You had 7 spell levels left.
You didn't know any spells.
Your spell library contained the following spells:

 Spells                   Type           Power      Damage    Failure   Level
 Beastly Appendage        Tmut           0%         N/A       67%         1
 Sandblast                Erth           0%         2d4       67%         1
 Passwall                 Tmut/Erth      0%         N/A       80%         2
 Wereblood                Tmut           0%         N/A       80%         2
 Spider Form              Tmut/Pois      0%         N/A       95%         3
 Stone Arrow              Conj/Erth      0%         3d7       95%         3
 Ice Form                 Ice/Tmut       0%         N/A       100%        4
 Petrify                  Tmut/Erth      0%         N/A       100%        4
 Hydra Form               Tmut           0%         N/A       100%        5
 Lee's Rapid Deconstruct  Erth           0%         3d5*      100%        5


Dungeon Overview and Level Annotations

Branches:
Dungeon (6/15)
 Temple: D:4-7

Altars:

Shops:
D:1 (   D:2 (


Innate Abilities, Weirdness & Mutations

Your dull iron-grey scales are very hard. (AC +11)
You cannot fit into any form of body armour.
You can survive without breathing, even under water.
You are cold-blooded and may be slowed by cold attacks.


Message History

You hit the gnoll.
The gnoll is heavily wounded.
You block the gnoll's attack.
The gnoll sergeant hits you from afar with a +0 trident.
You block the gnoll's attack.
You closely miss the gnoll.
The gnoll is heavily wounded.
You block the gnoll's attack.
The gnoll hits you from afar with a +0 spear.
The gnoll sergeant hits you from afar with a +0 trident!
* * * LOW HITPOINT WARNING * * *
There is a stone staircase leading down here.
Found 13 stones.
The gnoll misses you. The white imp gestures at you.
The puff of frost hits you!
* * * LOW HITPOINT WARNING * * *
You closely miss the white imp.
Your tail-slap misses the white imp.
The gnoll closely misses you.
The white imp hits you but does no damage.
You slash the white imp!
The white imp is almost dead.
You block the gnoll's attack.
The white imp disappears for a moment.
You block the white imp's attack. You block the gnoll sergeant's attack.
You hit the white imp but do no damage.
Your tail-slap misses the white imp.
The white imp is almost dead.
You block the gnoll's attack. The white imp gestures at you.
The puff of frost hits you.
* * * LOW HITPOINT WARNING * * *
The gnoll sergeant hits you but does no damage.
The gnoll hits you but does no damage.
You hit the white imp but do no damage.
The white imp is almost dead.
The white imp gestures at you. The puff of frost hits you!
* * * LOW HITPOINT WARNING * * *
The gnoll sergeant hits you from afar with a +0 trident.
You die...

.. #g #. #+# #.
##.###### #.# ##
#.#...g.# #.#
#.#.###.###.##
#.....#.##...########
###g#g#g#.....#.....g
#.#.#>##...##.#####
#.@5......g.g.#
#########.##### #.#
#.# #.# #.# #.# #####
#.# ####
...#########.#


You could see a gnoll sergeant, a gnoll and a white imp.

Vanquished Creatures
  Edmund (D:5)
  Menkaure (D:4)
  An ice beast (D:5)
  2 necrophages
  2 ogres
  2 bullfrogs (D:6)
  2 scorpions (D:4)
  A water moccasin zombie (D:5)
  A jelly (D:5)
  A hound (D:5)
  An orc priest (D:6)
  Crazy Yiuf (D:2)
  Terence (D:2)
  2 iguanas
  An orc wizard (D:6)
  Robin (D:4)
  5 gnolls
  3 adders
  A shadow imp (D:5)
  2 ufetubi (D:6)
  2 adder skeletons (D:4)
  An adder zombie (D:5)
  2 dart slugs
  14 orcs
  4 endoplasms
  2 giant cockroaches
  12 goblins
  9 hobgoblins
  21 jackals
  A kobold (D:2)
  A quokka (D:3)
  2 ball pythons
  3 bats
  2 frilled lizards (D:3)
  A quokka skeleton (D:4)
  4 rats
113 creatures vanquished.

Notes
Turn   | Place    | Note
-------+----------+-------------------------------------------
     0 | D:1      | Bapho the Draconian Fighter began the quest for the Orb.
     0 | D:1      | Reached XP level 1. HP: 19/19 MP: 1/1
   445 | D:1      | Reached XP level 2. HP: 21/26 MP: 2/2
   649 | D:1      | Found Quhehafiw's Weapon Shop.
   664 | D:1      | Bought a +0 hunting sling for 15 gold pieces
  1456 | D:2      | Found Emoeroku's Antique Weapon Boutique.
  1488 | D:2      | Reached XP level 3. HP: 4/31 MP: 3/3
  2183 | D:2      | Found a runed translucent door.
  2184 | D:2      | Noticed Crazy Yiuf
  2291 | D:2      | Noticed Terence
  2302 | D:2      | Killed Terence
  2303 | D:2      | Reached skill level 4 in Shields
  2303 | D:2      | Reached XP level 4. HP: 16/38 MP: 4/4
  2630 | D:2      | Killed Crazy Yiuf
  2974 | D:3      | Found a faded altar of an unknown god.
  3057 | D:3      | Reached XP level 5. HP: 21/45 MP: 5/5
  3989 | D:4      | Reached skill level 5 in Shields
  4148 | D:4      | Noticed Menkaure
  4158 | D:4      | Killed Menkaure
  4159 | D:4      | Reached skill level 5 in Long Blades
  4159 | D:4      | Reached XP level 6. HP: 6/51 MP: 6/6
  4545 | D:4      | Identified the +1 helmet of the Ladybird {Int+2}
  4545 | D:4      | Noticed Robin
  4825 | D:4      | Killed Robin
  4969 | D:4      | Reached skill level 6 in Shields
  4969 | D:4      | Your scales start taking on a dull iron-grey colour.
  4969 | D:4      | Reached XP level 7. HP: 47/57 MP: 7/7
  4969 | D:4      | Gained mutation: You can survive without breathing. [Grey
                  | Draconian growth]
  4969 | D:4      | Gained mutation: You can survive without breathing, even
                  | under water. [Grey Draconian growth]
  5300 | D:5      | Entered Level 5 of the Dungeon
  5851 | D:5      | Reached skill level 7 in Shields
  6611 | D:6      | Reached XP level 8. HP: 63/63 MP: 8/8
  6692 | D:6      | Noticed Edmund
  7020 | D:5      | Killed Edmund
  7741 | D:6      | Reached skill level 8 in Shields
  7797 | D:6      | HP: 1/61 [white imp/puff of frost (7)]
  7797 | D:6      | Slain by a gnoll sergeant

Illustrated notes

Levels and vault maps discovered:
D:1:      kilobyte_arrival_exit_the_forest, layout_basic, serial_shops, shop,
          serial_bayou_ford_a, chequers_serial_rivers_micro_a
D:2:      layout_basic, serial_shops, shop, uniq_crazy_yiuf_cottage,
          uniq_terence
D:3:      layout_loops_ring, shapermc_ecumenical_altar_mp_highgroup
D:4:      layout_rooms, uniq_menkaure, uniq_robin
D:5:      layout_rooms
D:6:      layout_loops_corners, amcnicky_mini_pool_medium, uniq_edmund

Skill      XL: |  1  2  3  4  5  6  7  8 |
---------------+-------------------------+-----
Long Blades    | 3 5 6 7 |  7.6
Shields        | 4 5 6 7 8 |  8.0
Fighting       | |  3.2
Dodging        | |  2.6

Action                   |  1- 3 |  4- 6 |  7- 9 || total
-------------------------+-------+-------+-------++-------
Melee: Long sword        |    69 |    97 |   165 ||   331
       Tailslap          |     8 |    18 |    30 ||    56
 Fire: Hunting sling     |    34 |    93 |    55 ||   182
Throw: Stone             |    13 |     1 |     4 ||    18
  Use: Scroll            |       |     2 |     4 ||     6
Armor: Skin              |    22 |    27 |    70 ||   119
Dodge: Dodged            |    29 |    52 |    73 ||   154
Block: Kite shield       |    40 |    72 |    85 ||   197
       Rpst.: Long sword |     9 |    16 |    19 ||    44

Table legend: (Time is in decaauts)
 A = Elapsed time spent in this place.
 B = Non-inter-level travel time spent in this place.
 C = Inter-level travel time spent in this place.
 D = Time resting spent in this place.
 E = Time spent auto-exploring this place.
 F = Levels seen in this place.
 G = Mean time per level.
                   A        B        C        D        E       F      G
               +--------+--------+--------+--------+--------+-----+--------+
         Total |   7954 |   7842 |    112 |   1314 |   5383 |   6 | 1325.7 |
       Dungeon |   7954 |   7842 |    112 |   1314 |   5383 |   6 | 1325.7 |
               +--------+--------+--------+--------+--------+-----+--------+

Top non-repeatable levels by time:
     D:3: 1601 daAuts
     D:5: 1558 daAuts
     D:2: 1470 daAuts
     D:1: 1454 daAuts
     D:6: 980 daAuts
     D:4: 888 daAuts
